[ AOE2 MATCH · #488827735 ]
UnrankedEthiopians vs Lithuanians
[ REPLAY ANALYSIS · EXTRACTED FROM THE RECORDED GAME ]
Feudal
8:57
Castle
23:06
Imperial
41:43
| APM avg | 65.4 |
| APM peak | 116 |
| eAPM avg | 33.6 |
| Villagers / military | 171 / 372 |
Focus
⚔️ 56.8% · 🌾 43.2%
Archer ×233 · Skirmisher ×126 · Bombard Cannon ×9 · Spearman ×4
Feudal
8:35
Castle
21:49
Imperial
36:36
| APM avg | 51.3 |
| APM peak | 159 |
| eAPM avg | 27.4 |
| Villagers / military | 183 / 328 |
Focus
⚔️ 56.9% · 🌾 43.1%
Leitis ×208 · Knight ×105 · Trade Cart ×9 · Scout Cavalry ×9 · Monk ×3 · Spearman ×3
Feudal
8:49
Castle
21:00
Imperial
38:21
| APM avg | 68.8 |
| APM peak | 127 |
| eAPM avg | 36.2 |
| Villagers / military | 264 / 426 |
Focus
⚔️ 39.4% · 🌾 60.6%
Knight ×172 · Camel Scout ×132 · Spearman ×76 · Scout Cavalry ×42 · Trade Cart ×8 · Monk ×2
Feudal
8:56
Castle
21:54
Imperial
38:42
| APM avg | 28.9 |
| APM peak | 73 |
| eAPM avg | 17.0 |
| Villagers / military | 109 / 420 |
Focus
⚔️ 44.5% · 🌾 55.5%
Archer ×202 · Skirmisher ×137 · Spearman ×71 · Bombard Cannon ×7 · Trebuchet (Packed) ×2 · Monk ×1
Feudal
8:52
Castle
22:47
Imperial
41:56
| APM avg | 59.2 |
| APM peak | 105 |
| eAPM avg | 33.3 |
| Villagers / military | 217 / 187 |
Focus
⚔️ 46.4% · 🌾 53.6%
Archer ×180 · Longbowman ×5 · Skirmisher ×1 · Trebuchet (Packed) ×1
Feudal
8:52
Castle
24:22
Imperial
38:01
| APM avg | 56.4 |
| APM peak | 97 |
| eAPM avg | 27.2 |
| Villagers / military | 124 / 326 |
Focus
⚔️ 45.7% · 🌾 54.3%
Archer ×276 · Skirmisher ×26 · Battering Ram ×11 · Spearman ×7 · Trebuchet (Packed) ×6
Match map
Initial resources + every placement click. Lines = walls · curves = elevation contours. ◆ gold · ⬟ stone · ● berries · ✦ relic · ◌ wall gap
Your base· ✓ Closed at 23:06 · 43t walls · no gate
Lukas_AoE's base· ✓ Closed at 21:49 · 45t walls · 2 gate(s)
FMG | Camilo's base· ✓ Closed at 21:00 · 81t walls · no gate
WARChris's base· ✓ Closed at 21:54 · 38t walls · 1 gate(s)
|FMG| TINCHO's base· Open — unwalled flank
Tigry's base· ✓ Closed at 24:22 · 62t walls · no gate
Smoothed initial terrain · ◌ = detected wall gap · hover for details
Inputs per minute
— FMG | GreatMaty - - Lukas_AoE
Build order — FMG | GreatMaty
First 150 of 628 actions detected
| 0:01 | Create | Villager (Male) |
| 0:01 | Create | Villager (Male) |
| 0:01 | Create | Villager (Male) |
| 0:02 | Build | House |
| 0:03 | Build | House |
| 0:07 | Create | Villager (Male) |
| 0:07 | Create | Villager (Male) |
| 1:20 | Create | Villager (Male) |
| 1:20 | Create | Villager (Male) |
| 2:04 | Create | Villager (Male) |
| 2:05 | Create | Villager (Male) |
| 2:23 | Create | Villager (Male) |
| 2:24 | Create | Villager (Male) |
| 2:35 | Build | Lumber Camp |
| 2:49 | Create | Villager (Male) |
| 2:49 | Create | Villager (Male) |
| 3:07 | Create | Villager (Male) |
| 3:07 | Create | Villager (Male) |
| 3:23 | Create | Villager (Male) |
| 3:23 | Create | Villager (Male) |
| 3:32 | Build | House |
| 3:45 | Create | Villager (Male) |
| 3:45 | Create | Villager (Male) |
| 4:03 | Create | Villager (Male) |
| 4:31 | Create | Villager (Male) |
| 4:31 | Create | Villager (Male) |
| 4:31 | Create | Villager (Male) |
| 5:05 | Build | Mining Camp |
| 5:24 | Create | Villager (Male) |
| 5:47 | Create | Villager (Male) |
| 5:48 | Research | Loom |
| 6:47 | Research | Feudal Age |
| 6:48 | Research | Feudal Age |
| 8:06 | Build | Barracks |
| 8:17 | Build | House |
| 8:30 | Create | Villager (Male) |
| 8:57 | Age | Feudal Age |
| 9:00 | Create | Villager (Male) |
| 9:14 | Build | Archery Range |
| 9:18 | Build | Archery Range |
| 9:37 | Create | Villager (Male) |
| 9:39 | Build | House |
| 9:55 | Build | Blacksmith |
| 10:01 | Create | Villager (Male) |
| 10:18 | Create | Archer |
| 10:20 | Create | Archer |
| 10:22 | Create | Villager (Male) |
| 10:29 | Build | House |
| 10:33 | Create | Archer |
| 10:33 | Create | Archer |
| 10:51 | Create | Archer |
| 10:51 | Create | Archer |
| 11:01 | Create | Villager (Male) |
| 11:05 | Build | Mill |
| 11:17 | Create | Archer |
| 11:29 | Research | Fletching |
| 11:29 | Research | Fletching |
| 11:36 | Build | Farm |
| 11:42 | Create | Archer |
| 11:43 | Create | Archer |
| 11:49 | Build | House |
| 11:52 | Build | Palisade Wall |
| 12:04 | Build | Farm |
| 12:16 | Create | Villager (Male) |
| 12:16 | Create | Villager (Male) |
| 12:16 | Create | Villager (Male) |
| 12:20 | Create | Archer |
| 12:20 | Create | Archer |
| 12:20 | Create | Archer |
| 12:41 | Create | Archer |
| 12:43 | Create | Archer |
| 12:43 | Create | Archer |
| 13:05 | Create | Archer |
| 13:05 | Create | Archer |
| 13:08 | Create | Villager (Male) |
| 13:25 | Create | Villager (Male) |
| 13:38 | Create | Archer |
| 13:42 | Build | House |
| 13:43 | Build | Palisade Wall |
| 13:48 | Build | House |
| 13:50 | Build | Palisade Wall |
| 13:52 | Create | Villager (Male) |
| 13:54 | Build | Farm |
| 13:56 | Create | Archer |
| 13:56 | Create | Archer |
| 13:57 | Create | Archer |
| 14:08 | Create | Villager (Male) |
| 14:11 | Build | House |
| 14:12 | Build | Palisade Wall |
| 14:12 | Build | Palisade Wall |
| 14:16 | Build | Palisade Wall |
| 14:26 | Build | Farm |
| 14:36 | Create | Villager (Male) |
| 14:41 | Create | Archer |
| 14:42 | Create | Archer |
| 14:42 | Create | Archer |
| 15:03 | Build | Farm |
| 15:03 | Create | Villager (Male) |
| 15:15 | Create | Villager (Male) |
| 15:16 | Create | Archer |
| 15:17 | Create | Archer |
| 15:40 | Create | Archer |
| 15:40 | Create | Archer |
| 15:54 | Build | Farm |
| 16:02 | Create | Villager (Male) |
| 16:18 | Build | Palisade Wall |
| 16:22 | Create | Villager (Male) |
| 16:23 | Create | Archer |
| 16:23 | Create | Archer |
| 16:25 | Build | Farm |
| 16:41 | Create | Villager (Male) |
| 16:45 | Build | Farm |
| 16:47 | Create | Archer |
| 16:47 | Create | Archer |
| 16:53 | Build | House |
| 17:06 | Create | Archer |
| 17:11 | Create | Villager (Male) |
| 17:11 | Create | Archer |
| 17:28 | Build | Farm |
| 17:33 | Research | Padded Archer Armor |
| 17:36 | Create | Villager (Male) |
| 17:46 | Create | Villager (Male) |
| 17:55 | Build | Farm |
| 18:03 | Create | Villager (Male) |
| 18:04 | Create | Archer |
| 18:04 | Create | Archer |
| 18:25 | Create | Archer |
| 18:39 | Build | House |
| 19:09 | Create | Archer |
| 19:09 | Create | Archer |
| 19:16 | Create | Villager (Male) |
| 19:32 | Build | Market |
| 19:45 | Create | Villager (Male) |
| 19:55 | Build | House |
| 19:58 | Create | Archer |
| 19:58 | Create | Archer |
| 20:01 | Create | Archer |
| 20:26 | Research | Castle Age |
| 20:26 | Research | Castle Age |
| 20:58 | Build | Lumber Camp |
| 20:59 | Create | Archer |
| 20:59 | Create | Archer |
| 21:08 | Create | Archer |
| 21:08 | Create | Archer |
| 21:33 | Create | Archer |
| 21:41 | Create | Archer |
| 21:50 | Build | Archery Range |
| 22:01 | Create | Archer |
| 22:15 | Research | Double-Bit Axe |
| 22:15 | Research | Double-Bit Axe |
Build order — Lukas_AoE
First 150 of 751 actions detected
| 0:01 | Create | Villager (Male) |
| 0:02 | Build | House |
| 0:03 | Build | House |
| 0:06 | Create | Villager (Male) |
| 0:06 | Create | Villager (Male) |
| 0:15 | Create | Villager (Male) |
| 0:15 | Create | Villager (Male) |
| 0:16 | Create | Villager (Male) |
| 1:26 | Create | Villager (Male) |
| 1:49 | Build | Lumber Camp |
| 2:06 | Create | Villager (Male) |
| 2:06 | Create | Villager (Male) |
| 2:31 | Create | Villager (Male) |
| 2:31 | Create | Villager (Male) |
| 2:32 | Create | Villager (Male) |
| 3:13 | Create | Villager (Male) |
| 3:13 | Create | Villager (Male) |
| 3:28 | Build | House |
| 3:46 | Create | Villager (Male) |
| 4:02 | Build | Mill |
| 4:50 | Create | Villager (Male) |
| 5:05 | Research | Loom |
| 5:30 | Build | Mill |
| 6:25 | Research | Feudal Age |
| 6:58 | Create | Villager (Male) |
| 7:32 | Build | House |
| 7:42 | Build | Barracks |
| 7:51 | Create | Villager (Male) |
| 8:35 | Age | Feudal Age |
| 8:54 | Build | Stable |
| 9:03 | Create | Villager (Male) |
| 9:31 | Build | House |
| 9:37 | Research | Double-Bit Axe |
| 9:37 | Research | Double-Bit Axe |
| 9:38 | Create | Scout Cavalry |
| 9:38 | Create | Scout Cavalry |
| 9:38 | Create | Scout Cavalry |
| 9:55 | Create | Villager (Male) |
| 9:59 | Build | House |
| 10:00 | Build | Palisade Wall |
| 10:19 | Create | Villager (Male) |
| 10:45 | Create | Scout Cavalry |
| 10:46 | Create | Villager (Male) |
| 10:50 | Build | Palisade Wall |
| 10:51 | Build | Palisade Wall |
| 11:02 | Research | Horse Collar |
| 11:02 | Research | Horse Collar |
| 11:05 | Build | Farm |
| 11:07 | Build | Farm |
| 11:08 | Create | Villager (Male) |
| 11:12 | Build | Farm |
| 11:19 | Create | Spearman |
| 11:36 | Create | Scout Cavalry |
| 11:36 | Create | Villager (Male) |
| 11:47 | Build | Palisade Wall |
| 11:56 | Create | Villager (Male) |
| 11:58 | Build | Farm |
| 12:08 | Create | Spearman |
| 12:16 | Build | Farm |
| 12:18 | Create | Villager (Male) |
| 12:29 | Create | Villager (Male) |
| 12:34 | Create | Scout Cavalry |
| 12:38 | Build | House |
| 12:44 | Build | Palisade Wall |
| 13:08 | Create | Villager (Male) |
| 13:09 | Create | Scout Cavalry |
| 13:25 | Create | Villager (Male) |
| 13:44 | Create | Villager (Male) |
| 13:46 | Build | Farm |
| 13:47 | Build | Farm |
| 13:48 | Build | Farm |
| 13:49 | Build | Farm |
| 13:54 | Create | Villager (Male) |
| 13:58 | Build | Palisade Wall |
| 13:59 | Build | Palisade Wall |
| 14:07 | Create | Villager (Male) |
| 14:27 | Create | Spearman |
| 14:31 | Create | Villager (Male) |
| 14:33 | Create | Scout Cavalry |
| 14:34 | Create | Scout Cavalry |
| 14:43 | Create | Villager (Male) |
| 14:45 | Build | Blacksmith |
| 15:08 | Create | Villager (Male) |
| 15:26 | Research | Scale Barding Armor |
| 15:36 | Build | Palisade Gate |
| 15:39 | Build | Palisade Gate |
| 15:56 | Build | Mining Camp |
| 16:14 | Build | House |
| 16:17 | Build | Farm |
| 16:18 | Build | Farm |
| 16:21 | Build | Farm |
| 16:50 | Build | Farm |
| 16:55 | Build | Farm |
| 16:58 | Build | Farm |
| 17:05 | Build | Palisade Wall |
| 17:20 | Create | Villager (Male) |
| 17:25 | Build | Farm |
| 17:35 | Create | Villager (Male) |
| 17:43 | Build | Farm |
| 17:48 | Build | Farm |
| 17:54 | Build | Farm |
| 18:31 | Create | Villager (Male) |
| 18:40 | Build | Farm |
| 18:42 | Build | Farm |
| 19:09 | Research | Castle Age |
| 19:53 | Research | Forging |
| 20:15 | Build | Stable |
| 20:21 | Research | Bloodlines |
| 20:21 | Research | Bloodlines |
| 21:02 | Build | Watch Tower |
| 21:37 | Create | Villager (Male) |
| 21:49 | Age | Castle Age |
| 21:50 | Create | Knight |
| 21:50 | Create | Knight |
| 21:53 | Create | Knight |
| 21:54 | Create | Villager (Male) |
| 21:54 | Create | Villager (Male) |
| 22:06 | Build | Market |
| 22:10 | Build | House |
| 22:13 | Build | Monastery |
| 22:16 | Create | Villager (Male) |
| 22:16 | Create | Villager (Male) |
| 22:24 | Research | Husbandry |
| 22:25 | Research | Husbandry |
| 22:41 | Create | Villager (Male) |
| 22:44 | Create | Knight |
| 22:45 | Create | Knight |
| 22:45 | Create | Knight |
| 22:53 | Research | Padded Archer Armor |
| 22:55 | Research | Chain Barding Armor |
| 22:57 | Create | Monk |
| 23:18 | Build | House |
| 23:22 | Build | Farm |
| 23:25 | Build | Lumber Camp |
| 23:40 | Create | Villager (Male) |
| 23:51 | Create | Villager (Male) |
| 23:52 | Create | Villager (Male) |
| 24:00 | Build | Mining Camp |
| 24:16 | Create | Knight |
| 24:17 | Create | Knight |
| 24:18 | Create | Villager (Male) |
| 24:32 | Create | Villager (Male) |
| 24:41 | Create | Knight |
| 24:41 | Create | Knight |
| 24:45 | Create | Villager (Male) |
| 24:45 | Create | Villager (Male) |
| 24:55 | Create | Monk |
| 24:56 | Create | Monk |
| 25:18 | Create | Villager (Male) |
| 25:18 | Create | Villager (Male) |
Build order — FMG | Camilo
First 150 of 787 actions detected
| 0:00 | Create | Villager (Male) |
| 0:00 | Create | Villager (Male) |
| 0:01 | Create | Villager (Male) |
| 0:01 | Create | Villager (Male) |
| 0:02 | Build | House |
| 0:05 | Build | House |
| 0:08 | Create | Villager (Male) |
| 0:08 | Create | Villager (Male) |
| 1:27 | Create | Villager (Male) |
| 1:27 | Create | Villager (Male) |
| 1:57 | Create | Villager (Male) |
| 1:57 | Create | Villager (Male) |
| 2:11 | Build | House |
| 2:13 | Create | Villager (Male) |
| 2:40 | Build | Mill |
| 2:47 | Create | Villager (Male) |
| 2:47 | Create | Villager (Male) |
| 3:28 | Create | Villager (Male) |
| 3:31 | Build | House |
| 3:58 | Create | Villager (Male) |
| 4:15 | Create | Villager (Male) |
| 4:36 | Create | Villager (Male) |
| 4:56 | Build | Lumber Camp |
| 4:58 | Create | Villager (Male) |
| 5:32 | Create | Villager (Male) |
| 5:46 | Build | House |
| 5:54 | Create | Villager (Male) |
| 6:06 | Create | Villager (Male) |
| 6:38 | Research | Feudal Age |
| 6:39 | Research | Feudal Age |
| 7:43 | Build | Barracks |
| 8:17 | Create | Villager (Male) |
| 8:49 | Age | Feudal Age |
| 8:50 | Build | Stable |
| 8:53 | Research | Double-Bit Axe |
| 8:53 | Research | Double-Bit Axe |
| 9:06 | Create | Villager (Male) |
| 9:17 | Build | Mill |
| 9:21 | Build | Palisade Wall |
| 9:23 | Build | Palisade Wall |
| 9:31 | Create | Scout Cavalry |
| 9:33 | Create | Villager (Male) |
| 9:56 | Create | Villager (Male) |
| 9:57 | Build | House |
| 10:00 | Research | Loom |
| 10:03 | Build | House |
| 10:04 | Build | Palisade Wall |
| 10:16 | Create | Scout Cavalry |
| 10:30 | Create | Villager (Male) |
| 10:33 | Build | Farm |
| 10:34 | Research | Horse Collar |
| 10:34 | Research | Horse Collar |
| 10:36 | Build | Farm |
| 10:37 | Build | Farm |
| 10:41 | Build | Palisade Wall |
| 10:46 | Build | House |
| 10:50 | Create | Scout Cavalry |
| 10:56 | Create | Villager (Male) |
| 10:58 | Build | Farm |
| 11:10 | Build | Farm |
| 11:18 | Build | Palisade Wall |
| 11:21 | Create | Villager (Male) |
| 11:33 | Build | Farm |
| 11:40 | Create | Villager (Male) |
| 11:48 | Build | Palisade Wall |
| 11:50 | Create | Villager (Male) |
| 11:52 | Build | House |
| 11:53 | Build | Palisade Wall |
| 11:56 | Build | Farm |
| 11:58 | Build | Farm |
| 12:14 | Build | Farm |
| 12:17 | Create | Scout Cavalry |
| 12:22 | Create | Villager (Male) |
| 12:36 | Build | Farm |
| 12:40 | Build | Farm |
| 12:42 | Build | Palisade Wall |
| 12:44 | Build | Palisade Wall |
| 12:46 | Create | Villager (Male) |
| 13:04 | Create | Villager (Male) |
| 13:06 | Build | House |
| 13:07 | Build | Palisade Wall |
| 13:09 | Build | Palisade Wall |
| 13:11 | Build | Palisade Wall |
| 13:14 | Build | Palisade Wall |
| 13:17 | Build | Palisade Wall |
| 13:27 | Build | Palisade Wall |
| 13:28 | Build | Palisade Wall |
| 13:29 | Build | Palisade Wall |
| 13:32 | Build | House |
| 13:34 | Build | Palisade Wall |
| 13:38 | Create | Villager (Male) |
| 13:52 | Create | Villager (Male) |
| 13:55 | Build | Farm |
| 14:04 | Create | Spearman |
| 14:08 | Build | House |
| 14:14 | Create | Villager (Male) |
| 14:19 | Build | Palisade Wall |
| 14:20 | Build | Palisade Wall |
| 14:26 | Create | Militia |
| 14:38 | Create | Villager (Male) |
| 14:43 | Build | Farm |
| 14:46 | Build | Farm |
| 14:51 | Build | House |
| 15:05 | Create | Villager (Male) |
| 15:30 | Create | Villager (Male) |
| 15:33 | Build | Farm |
| 15:35 | Build | Farm |
| 15:36 | Build | Farm |
| 15:37 | Build | Palisade Wall |
| 15:42 | Build | Mining Camp |
| 15:54 | Create | Villager (Male) |
| 16:01 | Build | Farm |
| 16:04 | Build | Palisade Wall |
| 16:13 | Create | Villager (Male) |
| 16:23 | Build | Blacksmith |
| 16:31 | Create | Villager (Male) |
| 16:32 | Create | Scout Cavalry |
| 16:53 | Build | Palisade Wall |
| 16:55 | Build | Palisade Wall |
| 16:57 | Create | Villager (Male) |
| 16:59 | Create | Scout Cavalry |
| 17:04 | Research | Wheelbarrow |
| 17:05 | Build | Farm |
| 17:22 | Build | Farm |
| 18:09 | Create | Villager (Male) |
| 18:16 | Build | Palisade Wall |
| 18:17 | Build | Palisade Wall |
| 18:18 | Build | Palisade Wall |
| 18:23 | Build | Palisade Wall |
| 18:30 | Build | Palisade Wall |
| 18:33 | Research | Castle Age |
| 18:34 | Research | Castle Age |
| 18:41 | Build | Palisade Wall |
| 18:48 | Build | Palisade Wall |
| 19:00 | Build | Palisade Wall |
| 19:21 | Build | Palisade Wall |
| 19:33 | Build | Palisade Wall |
| 19:35 | Build | Palisade Wall |
| 19:37 | Create | Scout Cavalry |
| 20:43 | Build | Palisade Wall |
| 21:00 | Age | Castle Age |
| 21:03 | Create | Knight |
| 21:03 | Create | Knight |
| 21:03 | Create | Villager (Male) |
| 21:04 | Create | Villager (Male) |
| 21:25 | Build | Town Center |
| 21:28 | Create | Villager (Male) |
| 21:50 | Create | Villager (Male) |
| 21:51 | Research | Bow Saw |
| 21:51 | Research | Bow Saw |
Build order — WARChris
First 150 of 436 actions detected
| 0:00 | Create | Villager (Male) |
| 0:01 | Create | Villager (Male) |
| 0:01 | Create | Villager (Male) |
| 0:02 | Build | House |
| 0:04 | Build | House |
| 0:16 | Create | Villager (Male) |
| 0:17 | Create | Villager (Male) |
| 1:24 | Create | Villager (Male) |
| 1:57 | Create | Villager (Male) |
| 1:57 | Create | Villager (Male) |
| 2:18 | Build | Lumber Camp |
| 2:24 | Create | Villager (Male) |
| 2:24 | Create | Villager (Male) |
| 2:36 | Create | Villager (Male) |
| 2:53 | Create | Villager (Male) |
| 3:13 | Create | Villager (Male) |
| 3:13 | Create | Villager (Male) |
| 3:40 | Create | Villager (Male) |
| 3:40 | Create | Villager (Male) |
| 3:58 | Build | House |
| 4:06 | Create | Villager (Male) |
| 4:07 | Create | Villager (Male) |
| 4:21 | Create | Villager (Male) |
| 5:01 | Create | Villager (Male) |
| 5:12 | Create | Villager (Male) |
| 5:49 | Build | Mining Camp |
| 6:19 | Research | Loom |
| 6:46 | Research | Feudal Age |
| 8:01 | Build | Barracks |
| 8:18 | Build | Palisade Wall |
| 8:19 | Build | Palisade Wall |
| 8:20 | Build | Palisade Wall |
| 8:35 | Create | Villager (Male) |
| 8:48 | Build | House |
| 8:56 | Age | Feudal Age |
| 9:18 | Build | Mill |
| 9:24 | Create | Villager (Male) |
| 9:31 | Build | Archery Range |
| 9:38 | Create | Villager (Male) |
| 9:56 | Create | Villager (Male) |
| 10:06 | Create | Villager (Male) |
| 10:27 | Build | Archery Range |
| 10:31 | Create | Archer |
| 10:34 | Create | Villager (Male) |
| 10:44 | Create | Spearman |
| 11:05 | Build | House |
| 11:06 | Build | Palisade Wall |
| 11:10 | Create | Villager (Male) |
| 11:14 | Create | Archer |
| 11:14 | Create | Archer |
| 11:28 | Build | Blacksmith |
| 11:33 | Build | House |
| 11:55 | Create | Villager (Male) |
| 12:07 | Build | Palisade Wall |
| 12:11 | Create | Archer |
| 12:11 | Create | Archer |
| 12:16 | Build | House |
| 12:21 | Research | Fletching |
| 12:34 | Create | Archer ×2 |
| 12:52 | Create | Skirmisher |
| 12:53 | Create | Skirmisher |
| 12:53 | Create | Villager (Male) |
| 12:53 | Create | Villager (Male) |
| 13:08 | Create | Archer |
| 13:08 | Create | Archer |
| 13:28 | Build | House |
| 13:38 | Build | Palisade Wall |
| 13:42 | Build | Palisade Wall |
| 13:45 | Create | Archer |
| 13:45 | Create | Archer |
| 14:01 | Create | Villager (Male) |
| 14:07 | Create | Archer |
| 14:21 | Build | Palisade Wall |
| 14:23 | Build | Palisade Wall |
| 14:30 | Build | Farm |
| 14:31 | Create | Villager (Male) |
| 14:32 | Create | Villager (Male) |
| 14:44 | Create | Archer |
| 14:51 | Build | Farm |
| 15:05 | Build | Farm |
| 15:17 | Create | Archer |
| 15:17 | Create | Archer |
| 15:18 | Create | Villager (Male) |
| 15:22 | Build | Farm |
| 15:46 | Create | Villager (Male) |
| 15:46 | Create | Villager (Male) |
| 15:55 | Build | Farm |
| 16:00 | Build | House |
| 16:01 | Build | House |
| 16:03 | Create | Villager (Male) |
| 16:13 | Build | Farm |
| 16:19 | Create | Archer |
| 16:20 | Create | Archer |
| 16:23 | Build | Farm |
| 16:32 | Create | Archer |
| 16:32 | Create | Archer |
| 16:32 | Create | Villager (Male) |
| 16:45 | Build | House |
| 16:48 | Create | Archer |
| 16:48 | Create | Archer |
| 16:48 | Create | Villager (Male) |
| 16:52 | Build | Farm |
| 17:02 | Create | Villager (Male) |
| 17:04 | Build | Farm |
| 17:13 | Build | Market |
| 17:16 | Create | Villager (Male) |
| 17:34 | Build | House |
| 18:15 | Create | Villager (Male) |
| 18:18 | Build | Palisade Gate |
| 19:14 | Research | Castle Age |
| 19:20 | Create | Archer |
| 19:20 | Create | Archer |
| 19:30 | Create | Archer |
| 19:34 | Research | Gold Mining |
| 19:47 | Create | Archer |
| 19:48 | Create | Archer |
| 19:57 | Build | Lumber Camp |
| 20:00 | Create | Archer |
| 20:00 | Create | Archer |
| 20:06 | Create | Villager (Male) |
| 20:13 | Build | House |
| 20:25 | Create | Archer |
| 20:25 | Create | Archer |
| 21:06 | Create | Archer |
| 21:06 | Create | Archer |
| 21:09 | Create | Villager (Male) |
| 21:11 | Research | Horse Collar |
| 21:32 | Create | Archer |
| 21:33 | Create | Archer |
| 21:53 | Build | Farm |
| 21:54 | Age | Castle Age |
| 21:57 | Research | Bodkin Arrow |
| 22:02 | Research | Crossbowman (upgrade) |
| 22:05 | Create | Archer ×4 |
| 22:12 | Build | Farm |
| 22:29 | Create | Villager (Male) |
| 22:45 | Create | Villager (Male) |
| 22:55 | Build | University |
| 23:05 | Create | Archer ×5 |
| 23:06 | Create | Villager (Male) |
| 23:06 | Create | Villager (Male) |
| 23:58 | Research | Ballistics |
| 23:59 | Create | Villager (Male) |
| 24:05 | Build | Farm |
| 24:13 | Create | Archer |
| 24:13 | Create | Archer |
| 24:36 | Build | House |
| 24:39 | Build | House |
| 24:45 | Create | Villager (Male) |
| 24:50 | Build | Palisade Gate |
Build order — |FMG| TINCHO
First 150 of 668 actions detected
| 0:02 | Create | Villager (Male) |
| 0:02 | Create | Villager (Male) |
| 0:03 | Build | House |
| 0:04 | Build | House |
| 0:12 | Create | Villager (Male) |
| 0:14 | Create | Villager (Male) |
| 1:21 | Create | Villager (Male) |
| 1:21 | Create | Villager (Male) |
| 1:43 | Create | Villager (Male) |
| 1:43 | Create | Villager (Male) |
| 2:04 | Create | Villager (Male) |
| 2:34 | Create | Villager (Male) |
| 2:34 | Create | Villager (Male) |
| 2:59 | Create | Villager (Male) |
| 2:59 | Create | Villager (Male) |
| 3:08 | Build | Lumber Camp |
| 3:41 | Build | House |
| 3:41 | Create | Villager (Male) |
| 3:44 | Create | Villager (Male) |
| 3:58 | Create | Villager (Male) |
| 4:02 | Create | Villager (Male) |
| 5:07 | Build | Mining Camp |
| 5:14 | Create | Villager (Male) |
| 5:42 | Create | Villager (Male) |
| 5:43 | Research | Loom |
| 6:34 | Research | Feudal Age |
| 6:34 | Research | Feudal Age |
| 6:34 | Research | Feudal Age |
| 7:47 | Build | House |
| 7:57 | Build | Barracks |
| 8:00 | Create | Villager (Male) |
| 8:52 | Age | Feudal Age |
| 8:59 | Build | Archery Range |
| 9:01 | Create | Villager (Male) |
| 9:19 | Create | Villager (Male) |
| 9:28 | Build | Archery Range |
| 9:35 | Create | Villager (Male) |
| 9:47 | Build | House |
| 9:48 | Create | Archer |
| 9:51 | Create | Villager (Male) |
| 10:07 | Create | Archer |
| 10:08 | Create | Villager (Male) |
| 10:10 | Build | House |
| 10:14 | Create | Villager (Male) |
| 10:25 | Create | Archer |
| 10:32 | Build | Palisade Wall |
| 10:34 | Create | Villager (Male) |
| 10:53 | Build | House |
| 10:54 | Create | Archer |
| 10:56 | Create | Villager (Male) |
| 11:05 | Create | Archer |
| 11:15 | Build | Palisade Wall |
| 11:26 | Build | Blacksmith |
| 11:30 | Create | Archer |
| 11:41 | Create | Archer |
| 11:57 | Build | House |
| 12:09 | Research | Fletching |
| 12:09 | Research | Fletching |
| 12:10 | Create | Villager (Male) |
| 12:25 | Build | Mill |
| 12:32 | Build | House |
| 12:36 | Create | Archer |
| 12:49 | Create | Archer |
| 12:49 | Create | Archer |
| 12:49 | Create | Archer |
| 13:18 | Build | Farm |
| 13:22 | Create | Archer |
| 13:22 | Create | Archer |
| 13:38 | Create | Archer |
| 13:38 | Create | Archer |
| 13:39 | Create | Villager (Male) |
| 13:41 | Build | Farm |
| 13:42 | Build | Farm |
| 13:46 | Create | Villager (Male) |
| 14:01 | Build | House |
| 14:03 | Build | Palisade Wall |
| 14:17 | Create | Archer |
| 14:22 | Create | Villager (Male) |
| 14:24 | Build | Farm |
| 14:25 | Build | Farm |
| 14:39 | Create | Archer |
| 14:43 | Create | Archer |
| 14:48 | Create | Villager (Male) |
| 14:58 | Create | Villager (Male) |
| 15:04 | Build | Farm |
| 15:18 | Create | Archer |
| 15:18 | Create | Villager (Male) |
| 15:19 | Create | Archer |
| 15:19 | Create | Archer |
| 15:22 | Create | Villager (Male) |
| 15:26 | Create | Archer |
| 15:49 | Create | Villager (Male) |
| 15:51 | Build | House |
| 16:00 | Create | Villager (Male) |
| 16:04 | Build | Farm |
| 16:06 | Build | Farm |
| 16:09 | Create | Archer |
| 16:11 | Create | Villager (Male) |
| 16:21 | Create | Archer |
| 16:21 | Create | Archer |
| 16:57 | Create | Archer |
| 16:58 | Create | Archer |
| 17:01 | Create | Villager (Male) |
| 17:04 | Build | Farm |
| 17:16 | Build | Farm |
| 17:29 | Build | Palisade Wall |
| 17:42 | Build | Farm |
| 17:46 | Create | Archer |
| 17:48 | Create | Archer |
| 17:56 | Build | House |
| 18:04 | Create | Archer |
| 18:06 | Create | Villager (Male) |
| 18:22 | Build | House |
| 18:25 | Build | House |
| 18:29 | Build | House |
| 18:36 | Create | Villager (Male) |
| 18:40 | Create | Archer |
| 18:55 | Create | Archer |
| 18:57 | Create | Villager (Male) |
| 19:21 | Build | Market |
| 19:29 | Create | Archer |
| 19:29 | Create | Archer |
| 19:40 | Create | Villager (Male) |
| 20:07 | Research | Castle Age |
| 20:07 | Research | Castle Age |
| 20:12 | Build | House |
| 20:20 | Create | Archer |
| 20:37 | Create | Archer |
| 20:39 | Build | House |
| 21:12 | Build | Archery Range |
| 21:33 | Research | Padded Archer Armor |
| 21:34 | Research | Gold Mining |
| 21:42 | Create | Archer |
| 22:05 | Create | Villager (Male) |
| 22:16 | Create | Archer |
| 22:16 | Create | Archer |
| 22:28 | Create | Archer |
| 22:43 | Build | Lumber Camp |
| 22:47 | Age | Castle Age |
| 22:50 | Research | Crossbowman (upgrade) |
| 22:50 | Research | Bodkin Arrow |
| 22:51 | Research | Bodkin Arrow |
| 22:54 | Create | Villager (Male) |
| 23:01 | Build | University |
| 23:08 | Create | Archer |
| 23:08 | Create | Archer |
| 23:16 | Create | Villager (Male) |
| 23:25 | Create | Villager (Male) |
| 23:41 | Build | Farm |
| 23:41 | Build | Farm |
Build order — Tigry
First 150 of 593 actions detected
| 0:02 | Create | Villager (Male) |
| 0:03 | Create | Villager (Male) |
| 0:04 | Build | House |
| 0:09 | Create | Villager (Male) |
| 0:09 | Create | Villager (Male) |
| 0:10 | Create | Villager (Male) |
| 1:15 | Create | Villager (Male) |
| 1:56 | Create | Villager (Male) |
| 1:57 | Create | Villager (Male) |
| 2:17 | Build | Settlement |
| 2:22 | Create | Villager (Male) |
| 2:22 | Create | Villager (Male) |
| 2:22 | Create | Villager (Male) |
| 2:46 | Create | Villager (Male) |
| 2:46 | Create | Villager (Male) |
| 2:59 | Build | House |
| 3:27 | Create | Villager (Male) |
| 3:27 | Create | Villager (Male) |
| 3:27 | Create | Villager (Male) |
| 4:25 | Create | Villager (Male) |
| 4:25 | Create | Villager (Male) |
| 4:25 | Create | Villager (Male) |
| 5:10 | Create | Villager (Male) |
| 5:36 | Build | Settlement |
| 5:41 | Build | Settlement |
| 5:51 | Create | Villager (Male) |
| 6:13 | Research | Loom |
| 6:25 | Build | Palisade Wall |
| 6:40 | Research | Feudal Age |
| 6:40 | Research | Feudal Age |
| 7:39 | Create | Villager (Male) |
| 7:48 | Build | Barracks |
| 7:55 | Create | Villager (Male) |
| 8:52 | Age | Feudal Age |
| 8:54 | Build | Archery Range |
| 8:55 | Create | Villager (Male) |
| 9:32 | Build | Archery Range |
| 9:37 | Build | Palisade Wall |
| 9:43 | Create | Archer |
| 9:48 | Create | Villager (Male) |
| 10:09 | Create | Archer |
| 10:20 | Create | Villager (Male) |
| 10:21 | Create | Archer |
| 10:45 | Create | Villager (Male) |
| 10:54 | Build | Blacksmith |
| 10:56 | Create | Archer |
| 10:56 | Create | Archer |
| 11:16 | Create | Villager (Male) |
| 11:24 | Create | Archer |
| 11:24 | Create | Archer |
| 11:32 | Create | Villager (Male) |
| 11:39 | Build | House |
| 11:44 | Create | Archer |
| 11:44 | Create | Archer |
| 11:48 | Create | Villager (Male) |
| 12:03 | Create | Villager (Male) |
| 12:14 | Research | Fletching |
| 12:20 | Create | Villager (Male) |
| 12:22 | Build | House |
| 12:25 | Build | Settlement |
| 12:28 | Create | Villager (Male) |
| 12:30 | Create | Archer |
| 12:30 | Create | Archer |
| 12:39 | Build | Palisade Wall |
| 12:46 | Create | Archer |
| 12:46 | Create | Archer |
| 12:48 | Create | Villager (Male) |
| 12:59 | Build | Watch Tower |
| 13:42 | Create | Villager (Male) |
| 13:43 | Create | Archer |
| 13:44 | Create | Archer |
| 14:03 | Build | Farm |
| 14:03 | Build | Farm |
| 14:06 | Build | Farm |
| 14:09 | Build | Farm |
| 14:10 | Create | Villager (Male) |
| 14:17 | Create | Archer |
| 14:18 | Create | Archer |
| 14:18 | Create | Archer |
| 14:46 | Create | Archer |
| 14:46 | Create | Archer |
| 14:47 | Create | Archer |
| 14:48 | Create | Archer |
| 14:51 | Create | Villager (Male) |
| 14:57 | Build | House |
| 14:58 | Build | Palisade Wall |
| 15:14 | Create | Archer |
| 15:15 | Create | Archer |
| 15:17 | Create | Villager (Male) |
| 15:20 | Build | Farm |
| 15:23 | Create | Villager (Male) |
| 15:24 | Create | Archer |
| 15:24 | Create | Archer |
| 15:31 | Create | Villager (Male) |
| 15:35 | Create | Archer |
| 15:35 | Create | Archer |
| 15:50 | Create | Archer |
| 15:51 | Create | Archer |
| 15:56 | Build | Farm |
| 16:04 | Build | House |
| 16:06 | Build | Palisade Wall |
| 16:14 | Build | Palisade Wall |
| 16:17 | Create | Archer |
| 16:17 | Create | Archer |
| 16:19 | Create | Villager (Male) |
| 16:39 | Create | Archer |
| 16:40 | Create | Villager (Male) |
| 16:43 | Build | Farm |
| 17:02 | Create | Archer |
| 17:02 | Create | Archer |
| 17:03 | Create | Villager (Male) |
| 17:09 | Build | Palisade Wall |
| 17:19 | Create | Archer |
| 17:19 | Create | Archer |
| 17:20 | Create | Villager (Male) |
| 17:27 | Build | Farm |
| 17:34 | Build | Farm |
| 17:39 | Create | Archer |
| 17:46 | Build | Palisade Wall |
| 17:54 | Create | Archer |
| 17:54 | Create | Archer |
| 18:13 | Create | Archer |
| 18:13 | Create | Archer |
| 18:20 | Build | Farm |
| 18:26 | Build | Farm |
| 18:29 | Create | Villager (Male) |
| 18:32 | Research | Wheelbarrow |
| 18:51 | Create | Archer |
| 18:52 | Create | Archer |
| 19:06 | Build | Farm |
| 19:11 | Create | Archer |
| 19:11 | Create | Archer |
| 19:12 | Create | Villager (Male) |
| 19:40 | Build | Palisade Wall |
| 19:49 | Research | Double-Bit Axe |
| 20:05 | Build | Farm |
| 20:06 | Build | Farm |
| 20:11 | Create | Archer |
| 20:11 | Create | Archer |
| 20:32 | Create | Villager (Male) |
| 20:37 | Build | Farm |
| 20:50 | Create | Archer |
| 20:50 | Create | Archer |
| 21:02 | Create | Villager (Male) |
| 21:05 | Build | Farm |
| 21:37 | Build | Farm |
| 21:38 | Build | Farm |
| 21:42 | Research | Castle Age |
| 21:43 | Research | Castle Age |
| 21:50 | Create | Archer |
Match timeline
| 6:25 | Tigry · wall_segment Palisade Wall x1 |
| 7:42 | Lukas_AoE · first_building Barracks |
| 7:43 | FMG | Camilo · first_building Barracks |
| 7:48 | Tigry · first_building Barracks |
| 7:57 | |FMG| TINCHO · first_building Barracks |
| 8:01 | WARChris · first_building Barracks |
| 8:06 | FMG | GreatMaty · first_building Barracks |
| 8:18 | WARChris · wall_segment Palisade Wall x1 |
| 8:19 | WARChris · wall_segment Palisade Wall x1 |
| 8:20 | WARChris · wall_segment Palisade Wall x1 |
| 8:35 | Lukas_AoE · age_up feudal |
| 8:49 | FMG | Camilo · age_up feudal |
| 8:50 | FMG | Camilo · first_building Stable |
| 8:52 | |FMG| TINCHO · age_up feudal |
| 8:52 | Tigry · age_up feudal |
| 8:54 | Lukas_AoE · first_building Stable |
| 8:54 | Tigry · first_building Archery Range |
| 8:56 | WARChris · age_up feudal |
| 8:57 | FMG | GreatMaty · age_up feudal |
| 8:59 | |FMG| TINCHO · first_building Archery Range |
| 9:14 | FMG | GreatMaty · first_building Archery Range |
| 9:21 | FMG | Camilo · wall_segment Palisade Wall x3 |
| 9:23 | FMG | Camilo · wall_segment Palisade Wall x4 |
| 9:31 | WARChris · first_building Archery Range |
| 9:37 | Tigry · wall_segment Palisade Wall x1 |
| 10:00 | Lukas_AoE · wall_segment Palisade Wall x1 |
| 10:04 | FMG | Camilo · wall_segment Palisade Wall x5 |
| 10:32 | |FMG| TINCHO · wall_segment Palisade Wall x4 |
| 10:41 | FMG | Camilo · wall_segment Palisade Wall x7 |
| 10:50 | Lukas_AoE · wall_segment Palisade Wall x4 |
| 10:51 | Lukas_AoE · wall_segment Palisade Wall x3 |
| 11:06 | WARChris · wall_segment Palisade Wall x1 |
| 11:15 | |FMG| TINCHO · wall_segment Palisade Wall x1 |
| 11:18 | FMG | Camilo · wall_segment Palisade Wall x1 |
| 11:47 | Lukas_AoE · wall_segment Palisade Wall x5 |
| 11:48 | FMG | Camilo · wall_segment Palisade Wall x6 |
| 11:52 | FMG | GreatMaty · wall_segment Palisade Wall x12 |
| 11:53 | FMG | Camilo · wall_segment Palisade Wall x4 |
| 12:07 | WARChris · wall_segment Palisade Wall x7 |
| 12:39 | Tigry · wall_segment Palisade Wall x12 |
| 12:42 | FMG | Camilo · wall_segment Palisade Wall x3 |
| 12:44 | Lukas_AoE · wall_segment Palisade Wall x12 |
| 12:44 | FMG | Camilo · wall_segment Palisade Wall x3 |
| 13:07 | FMG | Camilo · wall_segment Palisade Wall x1 |
| 13:09 | FMG | Camilo · wall_segment Palisade Wall x1 |
| 13:11 | FMG | Camilo · wall_segment Palisade Wall x1 |
| 13:14 | FMG | Camilo · wall_segment Palisade Wall x1 |
| 13:17 | FMG | Camilo · wall_segment Palisade Wall x1 |
| 13:27 | FMG | Camilo · wall_segment Palisade Wall x1 |
| 13:28 | FMG | Camilo · wall_segment Palisade Wall x1 |
| 13:29 | FMG | Camilo · wall_segment Palisade Wall x1 |
| 13:34 | FMG | Camilo · wall_segment Palisade Wall x1 |
| 13:38 | WARChris · wall_segment Palisade Wall x11 |
| 13:42 | WARChris · wall_segment Palisade Wall x4 |
| 13:43 | FMG | GreatMaty · wall_segment Palisade Wall x4 |
| 13:50 | FMG | GreatMaty · wall_segment Palisade Wall x9 |
| 13:58 | Lukas_AoE · wall_segment Palisade Wall x13 |
| 13:59 | Lukas_AoE · wall_segment Palisade Wall x7 |
| 14:03 | |FMG| TINCHO · wall_segment Palisade Wall x8 |
| 14:12 | FMG | GreatMaty · wall_segment Palisade Wall x2 |
| 14:12 | FMG | GreatMaty · wall_segment Palisade Wall x1 |
| 14:16 | FMG | GreatMaty · wall_segment Palisade Wall x15 |
| 14:19 | FMG | Camilo · wall_segment Palisade Wall x1 |
| 14:20 | FMG | Camilo · wall_segment Palisade Wall x1 |
| 14:21 | WARChris · wall_segment Palisade Wall x3 |
| 14:23 | WARChris · wall_segment Palisade Wall x9 |
| 14:58 | Tigry · wall_segment Palisade Wall x4 |
| 15:37 | FMG | Camilo · wall_segment Palisade Wall x1 |
| 16:04 | FMG | Camilo · wall_segment Palisade Wall x6 |
| 16:06 | Tigry · wall_segment Palisade Wall x9 |
| 16:14 | Tigry · wall_segment Palisade Wall x2 |
| 16:18 | FMG | GreatMaty · wall_segment Palisade Wall x1 |
| 16:53 | FMG | Camilo · wall_segment Palisade Wall x11 |
| 16:55 | FMG | Camilo · wall_segment Palisade Wall x13 |
| 17:05 | Lukas_AoE · wall_segment Palisade Wall x1 |
| 17:09 | Tigry · wall_segment Palisade Wall x22 |
| 17:29 | |FMG| TINCHO · wall_segment Palisade Wall x6 |
| 17:46 | Tigry · wall_segment Palisade Wall x5 |
| 17:57 | WARChris · first_market_sell 500 stone |
| 18:00 | WARChris · first_market_buy 100 food |
| 18:16 | FMG | Camilo · wall_segment Palisade Wall x1 |
| 18:17 | FMG | Camilo · wall_segment Palisade Wall x1 |
| 18:18 | FMG | Camilo · wall_segment Palisade Wall x1 |
| 18:23 | FMG | Camilo · wall_segment Palisade Wall x1 |
| 18:30 | FMG | Camilo · wall_segment Palisade Wall x1 |
| 18:41 | FMG | Camilo · wall_segment Palisade Wall x1 |
| 18:48 | FMG | Camilo · wall_segment Palisade Wall x1 |
| 19:00 | FMG | Camilo · wall_segment Palisade Wall x1 |
| 19:21 | FMG | Camilo · wall_segment Palisade Wall x1 |
| 19:33 | FMG | Camilo · wall_segment Palisade Wall x1 |
| 19:35 | FMG | Camilo · wall_segment Palisade Wall x1 |
| 19:40 | Tigry · wall_segment Palisade Wall x7 |
| 20:06 | |FMG| TINCHO · first_market_buy 100 food |
| 20:07 | |FMG| TINCHO · first_market_sell 100 wood |
| 20:22 | FMG | GreatMaty · first_market_buy 100 food |
| 20:22 | FMG | GreatMaty · first_market_sell 100 wood |
| 20:43 | FMG | Camilo · wall_segment Palisade Wall x2 |
| 21:00 | FMG | Camilo · age_up castle |
| 21:49 | Lukas_AoE · age_up castle |
| 21:54 | WARChris · age_up castle |
| 22:13 | Lukas_AoE · first_building Monastery |
| 22:47 | |FMG| TINCHO · age_up castle |
| 23:06 | FMG | GreatMaty · age_up castle |
| 23:58 | FMG | GreatMaty · wall_segment Palisade Wall x1 |
| 24:22 | Tigry · age_up castle |
| 28:58 | FMG | GreatMaty · wall_segment Palisade Wall x1 |
| 29:19 | FMG | Camilo · first_market_sell 100 wood |
| 29:45 | FMG | GreatMaty · wall_segment Palisade Wall x1 |
| 30:49 | FMG | GreatMaty · wall_segment Palisade Wall x1 |
| 30:53 | FMG | GreatMaty · wall_segment Palisade Wall x1 |
| 31:01 | Tigry · first_building Siege Workshop |
| 31:38 | FMG | GreatMaty · wall_segment Palisade Wall x1 |
| 33:49 | Tigry · wall_segment Stone Wall x1 |
| 33:50 | Tigry · wall_segment Stone Wall x1 |
| 33:54 | Tigry · wall_segment Stone Wall x1 |
| 33:57 | Tigry · wall_segment Stone Wall x1 |
| 33:58 | Tigry · wall_segment Stone Wall x1 |
| 34:38 | Tigry · wall_segment Palisade Wall x1 |
| 34:47 | FMG | Camilo · first_building Monastery |
| 34:49 | WARChris · first_building Monastery |
| 34:50 | Tigry · first_market_sell 100 food |
| 34:53 | FMG | Camilo · first_market_buy 100 stone |
| 35:22 | Tigry · first_market_buy 100 wood |
| 35:28 | Tigry · wall_segment Stone Wall x2 |
| 35:33 | |FMG| TINCHO · first_building Siege Workshop |
| 36:14 | FMG | GreatMaty · wall_segment Palisade Wall x1 |
| 36:14 | FMG | GreatMaty · wall_segment Palisade Wall x1 |
| 36:36 | Lukas_AoE · age_up imperial |
| 36:47 | Lukas_AoE · first_building Castle |
| 37:22 | |FMG| TINCHO · first_building Castle |
| 37:40 | FMG | GreatMaty · first_building Monastery |
| 37:51 | Tigry · first_building Castle |
| 38:01 | Tigry · age_up imperial |
| 38:21 | FMG | Camilo · age_up imperial |
| 38:42 | WARChris · age_up imperial |
| 39:14 | Lukas_AoE · first_market_sell 100 food |
| 39:26 | FMG | GreatMaty · wall_segment Palisade Wall x9 |
| 39:30 | FMG | GreatMaty · wall_segment Palisade Wall x1 |
| 40:39 | |FMG| TINCHO · wall_segment Stone Wall x1 |
| 40:41 | |FMG| TINCHO · wall_segment Stone Wall x1 |
| 40:47 | |FMG| TINCHO · wall_segment Stone Wall x1 |
| 40:59 | FMG | Camilo · first_building Castle |
| 41:14 | Lukas_AoE · wall_segment Stone Wall x19 |
| 41:40 | FMG | GreatMaty · wall_segment Palisade Wall x1 |
| 41:43 | FMG | GreatMaty · age_up imperial |
| 41:56 | |FMG| TINCHO · age_up imperial |
| 42:03 | FMG | GreatMaty · wall_segment Palisade Wall x1 |
| 43:03 | Lukas_AoE · wall_segment Palisade Wall x1 |
| 43:40 | Lukas_AoE · wall_segment Stone Wall x6 |
| 44:07 | WARChris · first_building Castle |
| 44:40 | Tigry · wall_segment Stone Wall x11 |
| 45:42 | Lukas_AoE · wall_segment Stone Wall x35 |
| 47:27 | FMG | GreatMaty · wall_segment Palisade Wall x1 |
| 47:31 | FMG | GreatMaty · wall_segment Palisade Wall x1 |
| 48:53 | Lukas_AoE · first_market_buy 100 stone |
| 48:56 | |FMG| TINCHO · wall_segment Palisade Wall x1 |
| 49:06 | |FMG| TINCHO · wall_segment Stone Wall x1 |
| 49:09 | |FMG| TINCHO · wall_segment Stone Wall x1 |
| 49:11 | WARChris · tribute_sent a jugador 1 |
| 49:11 | WARChris · tribute_sent a jugador 2 |
| 49:11 | WARChris · tribute_sent a jugador 3 |
| 49:11 | WARChris · tribute_sent a jugador 5 |
| 49:11 | WARChris · tribute_sent a jugador 6 |
| 49:18 | FMG | GreatMaty · wall_segment Palisade Wall x1 |
| 49:48 | WARChris · first_building Siege Workshop |
| 49:50 | FMG | GreatMaty · first_building Siege Workshop |
| 49:58 | Tigry · wall_segment Stone Wall x1 |
| 50:11 | Tigry · wall_segment Stone Wall x11 |
| 51:43 | Tigry · wall_segment Stone Wall x1 |
| 51:44 | Tigry · wall_segment Stone Wall x1 |
| 51:59 | FMG | GreatMaty · tribute_sent a jugador 2 |
| 51:59 | FMG | GreatMaty · tribute_sent a jugador 3 |
| 51:59 | FMG | GreatMaty · tribute_sent a jugador 4 |
| 51:59 | FMG | GreatMaty · tribute_sent a jugador 5 |
| 51:59 | FMG | GreatMaty · tribute_sent a jugador 6 |
| 52:32 | Tigry · wall_segment Stone Wall x6 |
| 52:55 | FMG | GreatMaty · first_building Castle |
| 53:29 | FMG | GreatMaty · wall_segment Stone Wall x11 |
| 55:33 | Lukas_AoE · tribute_sent a jugador 1 |
| 55:33 | Lukas_AoE · tribute_sent a jugador 3 |
| 55:33 | Lukas_AoE · tribute_sent a jugador 4 |
| 55:33 | Lukas_AoE · tribute_sent a jugador 5 |
| 55:33 | Lukas_AoE · tribute_sent a jugador 6 |
| 55:45 | FMG | GreatMaty · wall_segment Stone Wall x8 |
| 55:47 | FMG | Camilo · wall_segment Stone Wall x13 |
| 56:34 | FMG | GreatMaty · wall_segment Stone Wall x5 |
| 57:49 | FMG | GreatMaty · wall_segment Stone Wall x3 |
| 58:00 | FMG | Camilo · wall_segment Stone Wall x15 |
| 58:02 | FMG | Camilo · wall_segment Stone Wall x23 |
| 58:39 | Tigry · wall_segment Stone Wall x3 |
| 58:48 | Tigry · wall_segment Stone Wall x16 |
| 59:41 | FMG | Camilo · wall_segment Stone Wall x13 |
| 59:59 | FMG | GreatMaty · resign |
[ AI ANALYSIS · 1 CREDIT ]
What really happened in this match?
Wolo.gg analyzes every decision: build order, eco, micro, common mistakes by bracket. Personalized analysis on WhatsApp or Discord in 30 seconds.
Civ guide
Ethiopians
Perfil
Jugador #9082593